 Dungeon Crawl Stone Soup version 0.21-a0-529-g8c7b3f5 (webtiles) character file.

265 kibaces the Magician (level 6, -10/41 HPs)
             Began as a Human Wanderer on Dec 9, 2017.
             Killed from afar by Ijyb (21 damage)
             ... with a wand of acid (4)
             ... on level 4 of the Dungeon.
             The game lasted 00:18:43 (4575 turns).

kibaces the Magician (Human Wanderer)               Turns: 4575, Time: 00:18:44

Health: -10/41     AC:  3    Str: 11    XL:     6   Next: 44%
Magic:  0/14       EV: 11    Int: 17    God:
Gold:   110        SH:  0    Dex: 11    Spells: 13/16 levels left

rFire    . . .     SeeInvis +   (no weapon)
rCold    . . .     Gourm    .   (no shield)
rNeg     . . .     Faith    .   h - +0 robe
rPois    +         Spirit   .   (no helmet)
rElec    .         Reflect  .   (no cloak)
rCorr    .         Harm     .   (no gloves)
MR       .....                  m - +0 pair of boots
Stlth    +.........             (no amulet)
HPRegen  0.13/turn              l - ring of poison resistance
MPRegen  0.14/turn              p - ring of see invisible

@: no status effects
A: no striking features
a: no special abilities


You were on level 4 of the Dungeon.
You were not hungry.

You visited 1 branch of the dungeon, and saw 4 of its levels.

You collected 110 gold pieces.

Inventory:

Hand Weapons
 e - a +0 club
Armour
 c - a +0 buckler
 h - a +0 robe (worn)
 m - a +0 pair of boots (worn)
Jewellery
 l - a ring of poison resistance (left hand)
 p - a ring of see invisible (right hand)
Wands
 q - a wand of digging (11)
Scrolls
 d - 2 scrolls of identify
 i - a scroll of random uselessness {unknown}
 k - a scroll of teleportation {unknown}
 r - 2 scrolls of amnesia
 s - 2 scrolls of remove curse {unknown}
Potions
 g - a potion of invisibility {unknown}
 n - 2 potions of brilliance {unknown}
Books
 a - a book of Frost

   Spells                             Type                      Level
   a - Freeze                         Ice                          1
   b - Throw Frost                    Conjuration/Ice              2
   c - Ozocubu's Armour               Charms/Ice                   3
   d - Throw Icicle                   Conjuration/Ice              4
   e - Summon Ice Beast               Ice/Summoning                4
 b - the Tome of Poison

   Spells                             Type                      Level
   a - Sting                          Conjuration/Poison           1
   b - Spider Form                    Transmutation/Poison         3
Comestibles
 f - a bread ration
 o - 2 meat rations
 u - a royal jelly


   Skills:
 + Level 0.3 Dodging
 + Level 0.1 Stealth
 - Level 1.0 Shields
 + Level 5.5 Spellcasting
 + Level 3.0 Conjurations
   Level 2.0 Hexes
   Level 1.0 Fire Magic
 + Level 1.0 Ice Magic
 + Level 2.1 Poison Magic
 + Level 1.0 Evocations


You had 13 spell levels left.
You knew the following spells:

 Your Spells              Type           Power        Failure   Level  Hunger
a - Sting                 Conj/Pois      ##..         4%          1    None
b - Throw Frost           Conj/Ice       ##....       9%          2    #......


Dungeon Overview and Level Annotations

Branches:
Dungeon (4/15)
 Temple: D:4-7

Altars:
Kikubaaqudgha
Wu Jian

Annotations:
D:2 Robin
D:4 Ijyb


Message History

Ijyb zaps a wand.
The bolt of acid hits you!
You are splashed with acid!
The acid burns!
* * * LOW HITPOINT WARNING * * *
There is a stone staircase leading up here.
Casting: Sting
Confirm with . or Enter, or press ? or * to list all spells.
Aiming: Sting
Press: ? - help, Shift-Dir - straight line, f/p - Ijyb
Aim: Ijyb, wielding a dagger, wearing a runed chain mail and carrying a wand of acid (4) (heavily wounded, poisoned)
The sting hits Ijyb.
Ijyb appears unharmed.
Ijyb is heavily wounded.
You are no longer corroded.
Ijyb drinks a potion.
Ijyb is healed!
All of the chunks of flesh in your inventory have rotted away.
As you read the scroll labeled UNUHOE EBBO, it crumbles to dust.
It is a scroll of identify.
r - 2 scrolls of amnesia Ijyb looks more healthy.
Ijyb zaps a wand.
The bolt of acid hits you!
Ouch! That really hurt!
You die...

#.# #.. #.# #.#
#.# #.#
######.#######
#@g...........
#######.#######
...............
>..............
.######.#######
... ... .....
.....


You could see Ijyb.

Vanquished Creatures
  A sky beast (D:3)
  Jessica (D:3)
  A river rat (D:3)
  6 adders
  An ooze (D:3)
  A dart slug (D:2)
  2 leopard geckos
  5 orcs (D:3)
  6 bats
  6 giant cockroaches
  6 goblins
  12 hobgoblins
  A jackal (D:2)
  4 quokkas
  3 ball pythons
  A frilled lizard (D:2)
  7 kobolds
  8 rats
72 creatures vanquished.

Notes
Turn   | Place    | Note
-------+----------+-------------------------------------------
     0 | D:1      | kibaces the Human Wanderer began the quest for the Orb.
     0 | D:1      | kibaces set off with: a book of Frost, the Tome of Poison, a +0 buckler, a +0 robe, a +0 club, a bread ration
     0 | D:1      | Reached XP level 1. HP: 13/13 MP: 5/5
     0 | D:1      | Identified the Tome of Poison
     8 | D:1      | Learned a level 1 spell: Sting
   286 | D:1      | Reached skill level 1 in Conjurations
   286 | D:1      | Reached XP level 2. HP: 19/19 MP: 2/7
   290 | D:1      | Learned a level 2 spell: Throw Frost
  1275 | D:2      | Reached XP level 3. HP: 23/24 MP: 6/8
  1411 | D:2      | Noticed Robin
  1854 | D:2      | Reached XP level 4. HP: 28/30 MP: 0/10
  2430 | D:3      | Reached skill level 5 in Spellcasting
  2500 | D:3      | Reached skill level 1 in Poison Magic
  2994 | D:3      | Noticed Jessica
  3005 | D:3      | Killed Jessica
  3005 | D:3      | Reached XP level 5. HP: 33/35 MP: 4/12
  3089 | D:3      | Found an ornate altar of the Wu Jian Council.
  3389 | D:3      | Noticed a sky beast
  3410 | D:3      | Killed a sky beast
  3410 | D:3      | Reached XP level 6. HP: 7/41 MP: 1/14
  3677 | D:3      | Found a faded altar of an unknown god.
  3755 | D:3      | Found an ancient bone altar of Kikubaaqudgha.
  4553 | D:4      | Noticed Ijyb
  4575 | D:4      | Killed from afar by Ijyb

Vault maps used:
D:1:      evilmike_arrival_plus, interstate_on_off
D:2:      minmay_pentomino_u2, uniq_robin
D:3:      kiku_gazebo_garden_becter, old_standard_altar, portal_sewer_entry_e,
          chequers_ecumenical_altar_simple_redux, kennysheep_jessica_study
D:4:      first_bread, uniq_ijyb, uniq_grinder

Skill      XL: |  1  2  3  4  5 |
---------------+----------------+-----
Conjurations   | 1 2 3 |  3.0
Spellcasting   | 5 |  5.5
Poison Magic   | 1 2 |  2.1
Dodging        | |  0.3
Stealth        | |  0.1
Shields        | |  1.0
Hexes          | |  2.0
Fire Magic     | |  1.0
Ice Magic      | |  1.0
Evocations     | |  1.0

Action                   |  1- 3 |  4- 6 || total
-------------------------+-------+-------++-------
 Cast: Sting             |    80 |   149 ||   229
       Throw Frost       |     4 |    14 ||    18
  Use: Potion            |       |     2 ||     2
       Scroll            |       |     1 ||     1
  Eat: Chunk             |     2 |     5 ||     7
       Bread ration      |       |     1 ||     1
Armor: Robe              |     6 |    16 ||    22
Dodge: Dodged            |    18 |    40 ||    58

Table legend:
 A = Spawn XP
 B = Non-spawn XP
 C = Spawn XP percentage of total XP
 D = Spawn monster count
 E = Non-spawn monster count
 F = Spawn count percentage of total count
 G = Total turns spent on level
                    A         B        C        D         E        F      G
               +---------+---------+-------+---------+---------+-------+---------
         Total |       0 |     379 |   0.0 |       0 |      72 |   0.0 |  4575
               +---------+---------+-------+---------+---------+-------+---------
           D:1 |       0 |      24 |   0.0 |       0 |      15 |   0.0 |  1251
           D:2 |       0 |      57 |   0.0 |       0 |      19 |   0.0 |  1167
           D:3 |       0 |     298 |   0.0 |       0 |      38 |   0.0 |  2129
               +---------+---------+-------+---------+---------+-------+---------
